 Dungeon Crawl Stone Soup version 0.30-a0-358-g0d69a1922f (webtiles) character file.

Game seed: 3482579137320347565

85599 Devinter the Covert (level 15, -4/105 HPs)
             Began as a Vampire Brigand on Nov 10, 2022.
             Was the Champion of Kikubaaqudgha.
             Shot with an arrow by Nessos (14 damage)
             ... on level 5 of the Lair of Beasts on Nov 11, 2022.
             The game lasted 03:03:18 (16925 turns).

Devinter the Covert (Vampire Brigand)              Turns: 16925, Time: 03:03:18

Health: -4/105     AC:  8    Str: 10    XL:     15   Next: 38%
Magic:  11/29      EV: 18    Int: 18    God:    Kikubaaqudgha [******]
Gold:   1299       SH:  7    Dex: 19    Spells: 9/35 levels left

rFire   + + +      SeeInvis +    w - +9 dagger (pain)
rCold   + . .      Faith    .    c - +1 buckler {rF+}
rNeg    . . .      Spirit   .    H - +1 robe {rF+}
rPois   .          Reflect  .    p - +0 helmet
rElec   .          Harm     .    J - +2 cloak
rCorr   .          Rampage  .    K - +0 pair of gloves
Will    +....                    (no boots)
Stlth   +++++.....               n - amulet of regeneration
HPRegen 1.37/turn                G - ring of protection from cold
MPRegen 0.21/turn                D - ring of protection from fire

@: healing quickly
A: alive, fangs 3, see invisible, vampiric 2
a: Exsanguinate, Renounce Religion, Unearth Wretches, Torment


You were on level 5 of the Lair of Beasts.
You worshipped Kikubaaqudgha.
Kikubaaqudgha was exalted by your worship.
You visited 2 branches of the dungeon, and saw 17 of its levels.
You also visited: Volcano.

You collected 1419 gold pieces.
You spent 120 gold pieces at shops.

Inventory:

Hand Weapons
 w - a +9 dagger of pain (weapon)
Missiles
 d - 45 poisoned darts
 e - 3 curare-tipped darts
 y - 22 boomerangs (quivered)
 M - 3 atropa-tipped darts
 P - a throwing net
 Q - 5 javelins
Armour
 c - a +1 buckler of fire resistance (worn)
 p - a +0 helmet (worn)
 v - a +3 ring mail of willpower
 E - a +1 robe of willpower
 H - a +1 robe of fire resistance (worn)
 J - a +2 cloak (worn)
 K - a +0 pair of gloves (worn)
 O - a +0 leather armour of cold resistance
 V - +0 fire dragon scales
 Y - a +1 robe of positive energy
Jewellery
 i - a ring of resist corrosion
 k - a ring of positive energy
 m - a ring of positive energy
 n - an amulet of regeneration (around neck)
 s - a ring of flight
 D - a ring of protection from fire (right hand)
 F - a ring of willpower
 G - a ring of protection from cold (left hand)
 L - an amulet of guardian spirit
 T - an amulet of reflection
Wands
 a - a wand of flame (33)
 S - a wand of polymorph (10)
 Z - a wand of quicksilver (11)
Scrolls
 b - a scroll of summoning
 f - 5 scrolls of butterflies
 h - 2 scrolls of magic mapping
 j - 9 scrolls of teleportation
 o - 7 scrolls of fear
 t - 2 scrolls of enchant armour
 B - 3 scrolls of identify
 I - 2 scrolls of poison
 U - 2 scrolls of amnesia
 W - a scroll of torment
Potions
 g - 3 potions of ambrosia
 l - 5 potions of heal wounds
 q - 4 potions of brilliance
 r - 4 potions of flight
 u - 3 potions of haste
 x - 2 potions of cancellation
 z - 4 potions of invisibility
 A - 2 potions of might
 C - 5 potions of curing
 N - a potion of resistance
 X - a potion of lignification
Miscellaneous
 R - a phial of floods (inert)


   Skills:
 - Level 6.0 Fighting
 - Level 10.0 Short Blades
 - Level 5.0 Throwing
 - Level 2.0 Armour
 - Level 10.0 Dodging
 - Level 12.0 Stealth
 - Level 7.0 Shields
 + Level 10.9 Spellcasting
 - Level 2.0 Conjurations
 - Level 12.0 Necromancy
 - Level 2.0 Translocations
 - Level 4.0 Transmutations
 - Level 2.0 Air Magic
 - Level 6.0 Earth Magic
 - Level 6.0 Evocations


You had 9 spell levels left.
You knew the following spells:

 Your Spells              Type           Power      Damage    Failure   Level
a - Necrotise             Necr           100%       1d9       1%          1
b - Vampiric Draining     Necr           52%        2d9       1%          3
c - Wereblood             Tmut           24%        N/A       2%          2
d - Shock                 Conj/Air       68%        1d7       4%          1
e - Dispel Undead         Necr           52%        3d19      1%          4
f - Blink                 Tloc           34%        N/A       6%          2
g - Momentum Strike       Conj/Tloc      34%        3d8       6%          2
h - Borgnjor's Vile Clut  Necr/Erth      21%        N/A       6%          5
i - Death Channel         Necr           26%        N/A       11%         6

Your spell library contained the following spells:

 Spells                   Type           Power      Damage    Failure   Level
 Beastly Appendage        Tmut           48%        N/A       1%          1
 Sublimation of Blood     Necr           52%        N/A       1%          2
 Animate Dead             Necr           52%        N/A       1%          4
 Apportation              Tloc           34%        N/A       4%          1
 Anguish                  Hex/Necr       15%        N/A       8%          4
 Slow                     Hex            36%        N/A       10%         1
 Gell's Gravitas          Tloc           17%        N/A       12%         3
 Lesser Beckoning         Tloc           34%        N/A       12%         3
 Teleport Other           Tloc           17%        N/A       12%         3
 Kindle Blastsparks       Fire/Tloc/Air  28%        2d12      16%         3
 Lee's Rapid Deconstruct  Erth           15%        3d10*     22%         5
 Inner Flame              Hex/Fire       9%         N/A       28%         3
 Ice Form                 Ice/Tmut       17%        N/A       38%         4
 Iskenderun's Mystic Bla  Conj/Tloc      17%        2d5       38%         4
 Fulminant Prism          Conj/Hex       6%         3d7       52%         4
 Yara's Violent Unravell  Hex/Tmut       8%         3d5       75%         5
 Simulacrum               Ice/Necr       15%        N/A       77%         6
 Dispersal                Tloc           8%         N/A       99%         6
 Dragon Form              Tmut           12%        N/A       100%        7
 Enfeeble                 Hex            4%         N/A       100%        7
 Summon Hydra             Summ           4%         N/A       100%        7


Dungeon Overview and Level Annotations

Branches:
Dungeon (12/15)            Temple (0/1) D:5            Lair (5/5) D:11
  Swamp (0/4) Lair:2        Snake (0/4) Lair:3        Slime (0/5) Lair:4
    Orc (0/2) D:9         Volcano (visited)

Altars:
Ashenzari
Fedhas
Gozag
Hepliaklqana
Kikubaaqudgha
Makhleb
Nemelex Xobeh
Qazlal
Ru
Sif Muna
Trog
Uskayaw
Xom

Shops:
D:1 (:

Annotations:
D:10 3 runed translucent doors, exclusion: oklob plant, Bnni's ghost, journeyman FoFi
Lair:5 Nessos


Innate Abilities, Weirdness & Mutations

Your natural rate of healing is accelerated.
You have razor-sharp teeth.
You have supernaturally acute eyesight. (SInv)
You are afflicted with vampirism and can become a bat while bloodless.


Message History

Press: ? - help, Shift-Dir - straight line, f/p - Nessos
Aim: Nessos, wielding a +1 longbow of flaming and wearing a +1 barding of fire resistance (moderately wounded, fast, 100% to hit)
Zombie hands grab Nessos.
* * * LOW MAGIC WARNING * * *
The zombie hands constrict Nessos!
Nessos shoots an arrow.
The arrow hits you!
You are poisoned.
Nessos shoots an arrow.
The arrow hits you!
* * * LOW HITPOINT WARNING * * *
You are lethally poisoned!
You feel better.
The zombie hands constrict Nessos.
Nessos mumbles some strange words.
Nessos struggles to blink free from constriction.
Nessos shoots an arrow.
The arrow hits you!
* * * LOW HITPOINT WARNING * * *
Nessos shoots an arrow.
The arrow barely misses you.
Aim the phial where?
Press: ? - help, Shift-Dir - straight line, f/p - Nessos
Aim: Nessos, wielding a +1 longbow of flaming and wearing a +1 barding of fire resistance (heavily wounded, fast, constricted by zombie hands)
The torrent of water hits Nessos!!
Nessos is severely wounded.
The zombie hands lose their grip on Nessos.
Nessos is knocked back by the torrent of water.
The wave splashes down.
Nessos is engulfed in water.
Nessos shoots an arrow.
The arrow hits you!
* * * LOW HITPOINT WARNING * * *
You are poisoned.
You feel better.
Nessos shoots an arrow.
The arrow hits you!
* * * LOW HITPOINT WARNING * * *
The arrow burns you.
You are poisoned.
* * * LOW HITPOINT WARNING * * *
Nessos shoots an arrow.
The arrow hits you!!
* * * LOW HITPOINT WARNING * * *
The arrow burns you.
You are lethally poisoned!
* * * LOW HITPOINT WARNING * * *
You feel better.
Nessos shoots an arrow.
The arrow completely misses you.
Nessos shoots an arrow.
The arrow hits you!
You die...
Kikubaaqudgha rasps: "You have failed me!
Welcome... death!"

. #.#.# ##.#.### .. #...##
#...##.## ...# ##..P###.......#
.#..#### #...##...###.P# §......#
#........# #.##
##....####.......## ###
#.#....#..#......#
#.#~.............#
#####..#...@........## ###
##...##c~.............#####P#
#.#...~~~......).............
#.............#.........#....
#.....#.....###..............
##.....#....####..............
####...###.#....#.#.#....#.......
#.#....# ###....##.###.P###......
#...### #..####..##### ##†....


You could see Nessos (fast, waterlogged).

Vanquished Creatures
  A fire dragon (Lair:5)
  3 hydras
  An ogre mage (Volcano)
  2 boulder beetles
  5 two-headed ogres
  6 death yaks
  Urug (D:10)
  Nergalle (Lair:1)
  A hell knight (Volcano)
  2 lindwurms (Lair:5)
  A cyclops (D:11)
  A manticore (D:12)
  6 black mambas
  12 elephants
  5 molten gargoyles
  7 cane toads
  2 unseen horrors
  4 komodo dragons (Lair:5)
  2 rime drakes
  A queen bee (Lair:2)
  2 trolls
  6 polar bears
  18 blink frogs
  A dream sheep (Lair:5)
  A shadow (D:9)
  2 wraiths
  4 wyverns
  A vampire (D:12)
  36 yaks
  2 fire bats (Volcano)
  10 basilisks
  2 steam dragons
  Grum (D:9)
  3 vampire mosquitoes (D:11)
  3 hell hounds (Lair:5)
  16 water moccasins
  Duvessa (D:7)
  7 orc warriors
  3 black bears
  A sky beast (D:7)
  An ice beast (D:5)
  3 ogres
  A phantom (D:5)
  3 centaurs
  14 wolves
  8 bullfrogs
  A necrophage (D:5)
  4 kobold brigands
  8 wights
  41 killer bees
  2 vampire bats (D:10)
  An electric eel (D:9)
  3 howler monkeys (D:9)
  10 lava snakes
  A gnoll bouda (D:6)
  5 orc priests
  2 hounds
  2 jellies
  5 iguanas
  8 orc wizards
  3 hell rats
  7 adders
  6 gnolls
  10 river rats (Lair:1)
  A shadow imp (D:6)
  2 worms
  3 dart slugs
  48 orcs
  9 ball pythons
  12 bats
  3 endoplasms
  2 giant cockroaches
  2 goblins
  3 hobgoblins
  5 jackals
  3 quokkas
  5 frilled lizards
  31 kobolds
  10 rats
472 creatures vanquished.

Vanquished Creatures (collateral kills)
  3 elephants (Lair:4)
  A rime drake (Lair:5)
  A komodo dragon (Lair:5)
  3 blink frogs
  5 dream sheep (Lair:5)
  A wyvern (Lair:5)
  2 yaks (Lair:5)
  A water moccasin (Lair:5)
  A hell hound (Lair:5)
  Dowan (D:7)
19 creatures vanquished.

Vanquished Creatures (others)
  30 fungi
  32 plants
62 creatures vanquished.

Grand Total: 553 creatures vanquished

Notes
Turn   | Place    | Note
-------+----------+-------------------------------------------
     0 | D:1      | Devinter the Vampire Brigand began the quest for the Orb.
     0 | D:1      | Reached XP level 1. HP: 16/16 MP: 1/1
    78 | D:1      | Reached skill level 6 in Stealth
    95 | D:1      | Reached XP level 2. HP: 21/22 MP: 2/2
   108 | D:1      | Found Limi's Antique Weapon Boutique.
   117 | D:1      | Reached skill level 2 in Fighting
   220 | D:1      | Found Havefu's Book Shoppe.
   523 | D:2      | Reached skill level 2 in Throwing
   538 | D:2      | Reached skill level 3 in Short Blades
   538 | D:2      | Reached skill level 2 in Dodging
   538 | D:2      | Gained mutation: You are afflicted with vampirism and can
                  | become a bat while bloodless. [Vampire growth]
   538 | D:2      | Reached XP level 3. HP: 27/27 MP: 3/3
  1020 | D:2      | Found a faded altar of an unknown god.
  1378 | D:3      | Found an ancient bone altar of Kikubaaqudgha.
  1388 | D:3      | Reached XP level 4. HP: 33/33 MP: 4/4
  1395 | D:3      | Became a worshipper of Kikubaaqudgha
  1561 | D:3      | Reached skill level 4 in Short Blades
  1627 | D:3      | Found a faded altar of an unknown god.
  1631 | D:3      | Found a hazy altar of Hepliaklqana.
  1695 | D:3      | Found a sacrificial altar of Ru.
  2020 | D:4      | Reached skill level 1 in Necromancy
  2058 | D:4      | Reached skill level 1 in Spellcasting
  2058 | D:4      | Noticed an ogre
  2145 | D:4      | Killed an ogre
  2146 | D:4      | Reached skill level 5 in Short Blades
  2146 | D:4      | Reached XP level 5. HP: 27/38 MP: 6/6
  2227 | D:4      | Reached * piety under Kikubaaqudgha
  2227 | D:4      | Received a gift from Kikubaaqudgha
  2230 | D:4      | Learned a level 1 spell: Necrotise
  2234 | D:4      | Learned a level 3 spell: Vampiric Draining
  2399 | D:4      | Reached XP level 6. HP: 37/44 MP: 6/8
  2493 | D:4      | Reached skill level 3 in Dodging
  2493 | D:4      | Reached skill level 2 in Necromancy
  2787 | D:5      | Entered Level 5 of the Dungeon
  2813 | D:5      | Noticed an ice beast
  2846 | D:5      | Identified the +6 dagger of Earthquakes {holy, Will+ Int+3}
  2908 | D:5      | Reached skill level 2 in Spellcasting
  2929 | D:5      | Found an opulent altar of Gozag.
  3338 | D:1      | Bought a glowing dagger for 120 gold pieces
  3620 | D:5      | Found a staircase to the Ecumenical Temple.
  3625 | D:5      | Learned a level 2 spell: Wereblood
  3685 | D:5      | Reached XP level 7. HP: 50/50 MP: 10/10
  3731 | D:5      | Reached skill level 6 in Short Blades
  3731 | D:5      | Reached skill level 3 in Necromancy
  3731 | D:5      | Reached skill level 1 in Transmutations
  3775 | D:6      | Reached skill level 4 in Dodging
  3894 | D:6      | Reached skill level 2 in Transmutations
  3903 | D:6      | Reached ** piety under Kikubaaqudgha
  4125 | D:6      | Noticed a steam dragon
  4143 | D:6      | Reached skill level 4 in Necromancy
  4590 | D:6      | Killed a steam dragon
  4591 | D:6      | Reached skill level 5 in Dodging
  4591 | D:6      | Reached XP level 8. HP: 56/56 MP: 11/11
  4627 | D:6      | Reached skill level 7 in Short Blades
  4856 | D:5      | Reached skill level 3 in Spellcasting
  4883 | D:6      | Reached skill level 5 in Necromancy
  4910 | D:6      | Got Thaumaturgy, Part One
  4913 | D:6      | Learned a level 1 spell: Shock
  4989 | D:7      | Noticed Duvessa
  4990 | D:7      | Noticed Dowan
  5004 | D:7      | Killed Dowan
  5005 | D:7      | Reached skill level 1 in Conjurations
  5005 | D:7      | Reached skill level 1 in Air Magic
  5020 | D:7      | Killed Duvessa
  5021 | D:7      | Reached skill level 8 in Short Blades
  5277 | D:7      | Found a burning altar of Makhleb.
  5419 | D:7      | Reached skill level 4 in Spellcasting
  5421 | D:7      | Reached skill level 6 in Necromancy
  5421 | D:7      | Reached XP level 9. HP: 58/61 MP: 1/15
  5449 | D:7      | Reached *** piety under Kikubaaqudgha
  5449 | D:7      | Received a gift from Kikubaaqudgha
  5459 | D:7      | Learned a level 4 spell: Dispel Undead
  5543 | D:7      | Found a stormy altar of Qazlal.
  5673 | D:7      | Found a broken altar of Ashenzari.
  6111 | D:8      | Learned a level 2 spell: Blink
  6170 | D:8      | Found a shimmering blue altar of Sif Muna.
  6460 | D:8      | Found a sparkling altar of Nemelex Xobeh.
  6614 | D:9      | Reached skill level 5 in Spellcasting
  6932 | D:9      | Reached skill level 7 in Necromancy
  6945 | D:9      | Reached skill level 1 in Translocations
  6969 | D:9      | Reached skill level 7 in Stealth
  7043 | D:9      | Found a staircase to the Orcish Mines.
  7072 | D:9      | Reached skill level 2 in Translocations
  7086 | D:9      | Reached **** piety under Kikubaaqudgha
  7111 | D:9      | Reached skill level 8 in Stealth
  7220 | D:9      | Reached skill level 8 in Necromancy
  7316 | D:9      | Learned a level 2 spell: Momentum Strike
  7320 | D:9      | Noticed Grum
  7374 | D:9      | Reached skill level 3 in Fighting
  7416 | D:9      | Killed Grum
  7417 | D:9      | Reached skill level 4 in Fighting
  7577 | D:9      | Reached XP level 10. HP: 69/70 MP: 13/18
  8028 | D:10     | Entered Level 10 of the Dungeon
  8065 | D:10     | Reached skill level 6 in Spellcasting
  8303 | D:10     | Reached skill level 7 in Spellcasting
  8356 | D:10     | Found a shimmering altar of Xom.
  8461 | D:10     | Noticed Urug
  8508 | D:10     | Killed Urug
  8509 | D:10     | Reached skill level 8 in Spellcasting
  8709 | D:10     | Reached skill level 6 in Dodging
  8763 | D:10     | Found a runed translucent gate.
  8765 | D:10     | Found a runed translucent gate.
  8767 | D:10     | Found a runed translucent gate.
  8769 | D:10     | Noticed Bnni's ghost (journeyman FoFi)
  8782 | D:10     | Found a hide-covered altar of Uskayaw.
  8783 | D:10     | Found a bloodstained altar of Trog.
  8925 | D:10     | Found a blossoming altar of Fedhas.
  8952 | D:10     | Noticed an oklob plant
  9091 | D:10     | Reached skill level 7 in Dodging
  9383 | D:11     | Reached skill level 8 in Dodging
  9383 | D:11     | Reached skill level 1 in Earth Magic
  9389 | D:11     | Learned a level 5 spell: Borgnjor's Vile Clutch
  9439 | D:11     | Reached skill level 2 in Earth Magic
  9471 | D:11     | Noticed a cyclops
  9492 | D:11     | Killed a cyclops
  9493 | D:11     | Reached skill level 1 in Armour
  9493 | D:11     | Reached XP level 11. HP: 46/77 MP: 10/23
  9581 | D:11     | Found a staircase to the Lair.
  9590 | D:11     | Noticed a two-headed ogre
  9611 | D:11     | Killed a two-headed ogre
  9611 | D:11     | Reached ***** piety under Kikubaaqudgha
  9612 | D:11     | Reached skill level 2 in Armour
  9612 | D:11     | Reached skill level 9 in Stealth
  9675 | D:11     | Reached skill level 9 in Short Blades
  9675 | D:11     | Reached skill level 12 in Stealth
  9675 | D:11     | Reached skill level 4 in Evocations
  9675 | D:11     | Reached XP level 12. HP: 83/83 MP: 18/24
 10313 | D:12     | Reached skill level 10 in Short Blades
 10394 | D:12     | Reached skill level 5 in Evocations
 10700 | Lair:1   | Entered Level 1 of the Lair of Beasts
 11001 | Lair:1   | Noticed Nergalle
 11059 | Lair:1   | Reached skill level 2 in Air Magic
 11114 | Lair:1   | Reached skill level 2 in Conjurations
 11360 | Lair:1   | Killed Nergalle
 11361 | Lair:1   | Reached skill level 5 in Fighting
 11648 | Lair:1   | Reached skill level 9 in Necromancy
 11894 | Lair:2   | Reached skill level 10 in Necromancy
 11959 | Lair:2   | Noticed a boulder beetle
 11991 | Lair:2   | Killed a boulder beetle
 11992 | Lair:2   | Reached skill level 3 in Earth Magic
 12342 | Lair:2   | Noticed a four-headed hydra
 12360 | Lair:2   | Killed a four-headed hydra
 12361 | Lair:2   | Reached skill level 4 in Earth Magic
 12445 | Lair:2   | Reached skill level 3 in Transmutations
 12571 | Lair:2   | Reached skill level 9 in Spellcasting
 12612 | Lair:2   | Reached skill level 4 in Transmutations
 12670 | Lair:2   | Found a staircase to the Swamp.
 12719 | Lair:2   | Noticed a four-headed hydra
 12741 | Lair:2   | Killed a four-headed hydra
 12742 | Lair:2   | Reached XP level 13. HP: 91/91 MP: 26/26
 13002 | Lair:2   | Reached skill level 10 in Spellcasting
 13203 | Lair:2   | Got the Folio of Infinity
 13259 | Lair:2   | Learned a level 6 spell: Death Channel
 13644 | Lair:3   | Found a staircase to the Snake Pit.
 13665 | Lair:3   | Reached skill level 1 in Shields
 13879 | Lair:3   | Reached ****** piety under Kikubaaqudgha
 13880 | Lair:3   | Identified a +8 dagger of pain (a +6 dagger of protection
                  | bloodied by Kikubaaqudgha)
 13880 | Lair:3   | Received a gift from Kikubaaqudgha
 14031 | Lair:3   | Reached skill level 2 in Shields
 14237 | Lair:2   | Reached skill level 3 in Throwing
 14237 | Lair:2   | Reached skill level 3 in Shields
 14337 | Lair:2   | Reached skill level 5 in Earth Magic
 14723 | Lair:4   | Found a dark tunnel.
 14745 | Volcano  | Entered a volcano
 15022 | Volcano  | Found a bloodstained altar of Trog.
 15025 | Volcano  | Reached skill level 4 in Shields
 15028 | Volcano  | Reached skill level 6 in Evocations
 15029 | Volcano  | Reached skill level 6 in Fighting
 15105 | Volcano  | Reached skill level 4 in Throwing
 15105 | Volcano  | Reached skill level 6 in Shields
 15105 | Volcano  | Reached XP level 14. HP: 100/100 MP: 20/28
 15420 | Lair:4   | Reached skill level 5 in Throwing
 15446 | Lair:4   | Reached skill level 6 in Earth Magic
 15461 | Lair:4   | Reached skill level 7 in Shields
 15553 | Lair:4   | Reached XP level 15. HP: 53/105 MP: 15/29
 15591 | Lair:4   | Reached skill level 9 in Dodging
 15725 | Lair:4   | Found a staircase to the Slime Pits.
 15844 | Lair:5   | Entered Level 5 of the Lair of Beasts
 15871 | Lair:5   | Reached skill level 11 in Necromancy
 16319 | Lair:5   | Reached skill level 10 in Dodging
 16413 | Lair:5   | Reached skill level 12 in Necromancy
 16776 | Lair:5   | Found a large runed translucent door.
 16778 | Lair:5   | Found a large runed translucent door.
 16912 | Lair:5   | Noticed Nessos
 16924 | Lair:5   | HP: 3/105 [Nessos/arrow (18)]
 16925 | Lair:5   | Shot with an arrow by Nessos

Illustrated notes

Levels and vault maps discovered:
D:1:      doesnt_arrival_eight_statues, layout_basic, serial_shops,
          nicolae_square_shop, shop
D:2:      layout_basic, hellmonk_ecumenical_altar_leap_of_faith,
          minmay_pentomino_t2
D:3:      layout_basic, kiku_gazebo_garden_becter,
          nicolae_overflow_ecumenical_swirl, nicolae_ru_awakened_eye,
          minmay_ruptured
D:4:      layout_basic, nicolae_elyvilon_peaceful_grove
D:5:      layout_rooms, nicolae_gozag_cash_rules_everything_around_me,
          minmay_temple_entry_gardened_gates, kennysheep_small_spiral
D:6:      layout_cave_pods
D:7:      layout_gridville, makhleb_heckhound_becter,
          nicolae_ashenzari_panopticon, mainiacjoe_overflow_brackets,
          uniq_duvessa
D:8:      layout_loops_ring, mainiacjoe_overflow_small_starburst,
          nemelex_diamond_rough_becter
D:9:      layout_basic, david_orc_5, chequers_big_river, uniq_grum
D:10:     layout_roguey, mainiacjoe_overflow_boulevard, tgw_fedhas,
          mainiacjoe_overflow_alcove_4, mainiacjoe_overflow_divided_tiny,
          ebering_ghost_rock_garden, roderic_batcave, uniq_urug
D:11:     layout_loops_ring, lair_entry_dummy
D:12:     layout_loops_ring
Lair:1:   layout_long_grid, kennysheep_rathole, uniq_nergalle
Lair:2:   regret_index_bee_streams, layout_gridlike, swamp_mist
Lair:3:   layout_misc_corridors, minmay_snake_entry_six_corridors
Lair:4:   layout_misc_corridors, slime_entry_1, enter_volcano_1,
          cheibrodos_lair_lostbears, infiniplex_staircase_pool,
          grunt_megastairs_5
Lair:5:   cheibrodos_lair_end_hotspot, layout_layer_cave, basic_altar,
          nicolae_quartered_pool_super, uniq_nessos

Skill      XL: |  1  2  3  4  5  6  7  8  9 10 11 12 13 14 15 |
---------------+----------------------------------------------+-----
Stealth        | 6 8 12 | 12.0
Fighting       | 2 4 5 6 |  6.0
Throwing       | 2 4 5 |  5.0
Short Blades   | 3 5 6 8 9 10 | 10.0
Dodging        | 2 3 5 8 10 | 10.0
Necromancy     | 1 2 4 6 8 10 12 | 12.0
Spellcasting   | 1 2 4 5 8 9 10 | 10.9
Transmutations | 2 4 |  4.0
Conjurations   | 1 2 |  2.0
Air Magic      | 1 2 |  2.0
Translocations | 2 |  2.0
Earth Magic    | 2 4 5 6 |  6.0
Armour         | 1 2 |  2.0
Evocations     | 4 5 6 |  6.0
Shields        | 6 7 |  7.0

Action                   |  1- 3 |  4- 6 |  7- 9 | 10-12 | 13-15 || total
-------------------------+-------+-------+-------+-------+-------++-------
Melee: Dagger            |    97 |   205 |   585 |   855 |   752 ||  2494
       Bite              |     5 |    24 |    75 |   127 |   110 ||   341
       Punch             |     2 |     2 |     7 |    18 |     3 ||    32
Throw: Dart              |       |    49 |    88 |    37 |    59 ||   233
       Throwing net      |       |       |     2 |       |       ||     2
       Boomerang         |       |       |       |       |    34 ||    34
       Javelin           |       |       |       |       |     6 ||     6
 Cast: Necrotise         |       |     4 |     1 |       |       ||     5
       Vampiric Draining |       |     2 |    33 |    77 |    43 ||   155
       Wereblood         |       |       |     4 |    12 |    11 ||    27
       Dispel Undead     |       |       |     1 |    10 |       ||    11
       Momentum Strike   |       |       |     1 |     3 |       ||     4
       Shock             |       |       |       |     6 |       ||     6
       Blink             |       |       |       |     2 |     4 ||     6
       Borgnjor's Vile C |       |       |       |     3 |    26 ||    29
       Death Channel     |       |       |       |       |     7 ||     7
Invok: Brand Weapon With |       |       |       |       |     1 ||     1
Evoke: Phial of floods   |       |       |       |     1 |     2 ||     3
       Wand              |       |       |       |       |     2 ||     2
  Use: Scroll            |       |     9 |    10 |     6 |     9 ||    34
       Potion            |       |       |       |     4 |     8 ||    12
 Stab: Sleeping          |    14 |    14 |    10 |    11 |    20 ||    69
       Held in net/web   |       |       |     1 |       |       ||     1
       Distracted        |       |       |     1 |     1 |     5 ||     7
Armor: Robe              |    18 |    18 |   165 |   209 |   193 ||   603
Dodge: Dodged            |    43 |   106 |   340 |   471 |   466 ||  1426
Block: Buckler           |       |       |       |       |   136 ||   136

Table legend: (Time is in decaauts)
 A = Elapsed time spent in this place.
 B = Non-inter-level travel time spent in this place.
 C = Inter-level travel time spent in this place.
 D = Time resting spent in this place.
 E = Time spent auto-exploring this place.
 F = Levels seen in this place.
 G = Mean time per level.
                   A        B        C        D        E       F      G
               +--------+--------+--------+--------+--------+-----+--------+
         Total |  15907 |  15036 |    871 |   1306 |   3089 |  18 |  883.7 |
       Dungeon |  10292 |   9556 |    736 |    629 |   2534 |  12 |  857.7 |
          Lair |   5191 |   5056 |    135 |    677 |    555 |   5 | 1038.2 |
       Volcano |    424 |    424 |      0 |      0 |      0 |   1 |  424.0 |
               +--------+--------+--------+--------+--------+-----+--------+

Top non-repeatable levels by time:
  Lair:2: 1765 daAuts
     D:9: 1315 daAuts
    D:10: 1200 daAuts
     D:6: 1040 daAuts
  Lair:5: 999 daAuts
     D:2: 992 daAuts
     D:5: 920 daAuts
  Lair:1: 902 daAuts
  Lair:3: 886 daAuts
     D:7: 828 daAuts
    D:11: 799 daAuts
     D:4: 776 daAuts
     D:8: 707 daAuts
     D:3: 678 daAuts
  Lair:4: 637 daAuts
